 Dungeon Crawl Stone Soup version 0.29-a0-813-g4a14ea37d6 (webtiles) character file.

Game seed: 16773788161867644706

12246 zeratav the Marksspriggan (level 11, -2/46 (49) HPs)
             Began as a Spriggan Hunter on July 5, 2022.
             Was a High Priest of Dithmenos.
             Killed from afar by a death drake (14 damage)
             ... with a foul vapour
             ... in a Gauntlet.
             The game lasted 00:29:54 (12876 turns).

zeratav the Marksspriggan (Spriggan Hunter)        Turns: 12876, Time: 00:29:55

HP:   -2/46 (49)    AC:  3    Str:  7    XL:     11   Next: 59%
MP:   12/12         EV: 21    Int:  9    God:    Dithmenos [*****.]
Gold: 1821          SH:  0    Dex: 23    Spells: 10/10 levels left

rFire   x . .      SeeInvis +   f - +10 arbalest of an ossuary {vorpal, rPois rC+ Stlth+, crossbow}
rCold   + + .      Faith    .   (shield currently unavailable)
rNeg    . . .      Spirit   .   y - +1 robe of Hopscotch {rElec Will+ Regen+ Int-2}
rPois   +          Reflect  .   (helmet restricted)
rElec   +          Harm     .   (no cloak)
rCorr   .          Rampage  .   (gloves unavailable)
Will    +++..      NoTele   +   (boots unavailable)
Stlth   +++++++...              u - amulet of regeneration {@e2}
HPRegen 1.75/turn               H - ring of willpower
MPRegen 0.13/turn               m - ring of ice

@: slowed, wreathed by umbra, studying Axes, drained, quick
A: very small, no large weapons, unfitting armour, see invisible, speed 3
a: Renounce Religion, Shadow Step, Shadow Form


You were in a Gauntlet.
You worshipped Dithmenos.
Dithmenos was extremely pleased with you.
You visited 2 branches of the dungeon, and saw 12 of its levels.
You also visited: Bailey and Gauntlet.

You collected 2128 gold pieces.
You spent 307 gold pieces at shops.


Innate Abilities, Weirdness & Mutations

You are very small and have problems with some larger weapons.
You are too small for most types of armour.
You have supernaturally acute eyesight. (SInv)
You cover ground extremely quickly. (Speed+++)


   Skills:
 - Level 1.5 Fighting
 - Level 18.0 Ranged Weapons
 + Level 5.6 Dodging
 - Level 5.0 Stealth


You had 10 spell levels left.
You didn't know any spells.
Your spell library contained the following spells:

 Spells                   Type           Power      Damage    Failure   Level
 Beastly Appendage        Tmut           0%         N/A       38%         1
 Magic Dart               Conj           0%         1d3       38%         1
 Sandblast                Erth           0%         2d4       38%         1
 Call Imp                 Summ           0%         N/A       52%         2
 Ensorcelled Hibernation  Hex/Ice        0%         N/A       52%         2
 Passwall                 Tmut/Erth      0%         N/A       52%         2
 Wereblood                Tmut           0%         N/A       52%         2
 Gell's Gravitas          Tloc           0%         N/A       77%         3
 Mephitic Cloud           Conj/Pois/Air  0%         N/A       77%         3
 Ozocubu's Armour         Ice            0%         N/A       77%         3
 Spider Form              Tmut/Pois      0%         N/A       77%         3
 Stone Arrow              Conj/Erth      0%         3d7       77%         3
 Swiftness                Air            0%         N/A       77%         3
 Teleport Other           Tloc           0%         N/A       77%         3
 Passage of Golubria      Tloc           0%         N/A       99%         4
 Metabolic Englaciation   Hex/Ice        0%         N/A       100%        5
 Silence                  Hex/Air        0%         N/A       100%        5
 Dispersal                Tloc           0%         N/A       100%        6
 Simulacrum               Ice/Necr       0%         N/A       100%        6
 Lehudib's Crystal Spear  Conj/Erth      0%         10d2      100%        8

Inventory:

Hand Weapons
 c - the +8 spear of Beogh's Regard {venom, rC+, polearm}
   (You took it off a gnoll on level 3 of the Dungeon)

   It poisons the flesh of those it strikes.
   rC:        It protects you from cold.
 f - the +10 arbalest of an ossuary (weapon) {vorpal, rPois rC+ Stlth+, crossbow}
   (You bought it in a shop on level 1 of the Dungeon)

   Any ammunition fired from it inflicts extra damage upon your enemies.
   rC:        It protects you from cold.
   rPois:     It protects you from poison.
   Stlth:     It makes you more stealthy.
Missiles
 d - 37 poisoned darts {throwing}
 C - 6 curare-tipped darts {=fthrowing}
Armour
 s - an orb of guile
   (You found it on level 7 of the Dungeon)
 y - the +1 robe of Hopscotch (worn) {rElec Will+ Regen+ Int-2}
   (You bought it in a shop on level 2 of the Dungeon)

   Int:       It affects your intelligence (-2).
   rElec:     It insulates you from electricity.
   Regen:     It increases your rate of health regeneration.
   Will:      It increases your willpower.
Jewellery
 m - a ring of ice (right hand)
   (You found it on level 3 of the Dungeon)
 t - a ring of flight
   (You found it on level 6 of the Dungeon)
 u - an amulet of regeneration (around neck) {@e2}
   (You found it on level 5 of the Dungeon)
 H - a ring of willpower (left hand)
   (You found it on level 9 of the Dungeon)
Wands
 n - a wand of polymorph (5)
   (You found it on level 3 of the Dungeon)
 A - a wand of paralysis (9)
   (You took it off a gnoll on level 3 of the Dungeon)
 B - a wand of acid (12)
   (You took it off a gnoll on level 3 of the Dungeon)
 E - a wand of roots (15)
   (You found it on level 8 of the Dungeon)
Scrolls
 b - a scroll of immolation {!r!r}
 j - 4 scrolls of teleportation {@r4}
 k - 3 scrolls of identify {@r1}
 o - 2 scrolls of blinking {!r}
 p - a scroll of fear
 q - 2 scrolls of enchant weapon
 r - a scroll of poison {!r}
 v - a scroll of torment {!r}
 D - 2 scrolls of fog
 F - a scroll of silence {!r}
 I - a scroll of vulnerability {!r!r}
 J - a scroll of magic mapping {unknown}
Potions
 a - 2 potions of haste {unknown}
 e - 3 potions of ambrosia
 g - a potion of resistance
 h - 6 potions of brilliance
 i - 4 potions of magic
 l - a potion of curing {@q1}
 w - 4 potions of mutation {!q}
 z - 3 potions of attraction {unknown}
 G - a potion of might {unknown}

Dungeon Overview and Level Annotations

Branches:
Dungeon (11/15) Zot: 26752  Temple (1/1) D:6 Zot: 5766    Lair (0/6) D:8
    Orc (0/2) D:11         Bailey (visited)         Gauntlet (1/1) Zot: 5665

Altars:
Ashenzari
Cheibriados
Dithmenos
Elyvilon
Fedhas
Gozag
Hepliaklqana
Kikubaaqudgha
Makhleb
Nemelex Xobeh
Okawaru
Qazlal
Ru
Sif Muna
Trog
Uskayaw
Vehumet
Wu Jian
Xom
Yredelemnul
Zin
The Shining One

Shops:
D:1 ((   D:2 [   D:4 !   D:7 *   D:11 *

Annotations:
Gauntlet 9 transporters, 2 runed translucent doors

##≈...............≈##
#≈≈..8©8©8©8©8©8..≈≈#
#≈...............≈# ###
################### ### ### #
#≈###.................###≈###≈###
≈≈≈#...8⌠8..8∩8..8⌠8...#≈≈≈#≈≈≈#≈
.................................
#################################
....Z#8©8#[##©ZZ@#8©8#..##...#8©8
##+#.#...#..##.k##...#.#...###...
≈..#k#...#[..#.###...#.#..#..#...
≈©.#.#©.©#©##.##.#©.©#©.#©#..#©.©
≈..#.#######.#.Z.#####..#..#.####
##+#.#...##..##..#...###...#.#...
.....#.8.#....##.#.8.#...##..#.8.
######...#########...#########...
.................................


You could see a death drake (catching breath), 2 spectral centaur warriors and a
centaur warrior zombie.


Message History

The spectral centaur warrior misses you.
HP[-4]
You take 4 damage, and now have 10/48 hp.
You feel sick.
HP[-1]
You take 1 damage, and now have 9/48 hp.
Fire: f) +10 arbalest of an ossuary {vorpal, rPois rC+ Stlth+, crossbow}
Press: ? - help, Q - select action, (/) - cycle Shift-Dir - straight line, f/p - death drake
Aim: a death drake (fleeing, 66% to hit)
Okay, then.
You feel much better.
You feel very sick.
Cornered, the death drake turns to fight!
The spectral centaur warrior misses you.
The spectral centaur warrior barely misses you.
The centaur warrior zombie completely misses you.
The centaur warrior zombie closely misses you.
HP[+21]
You regained 21 hp, and now have 30/48 hp.
Fire: f) +10 arbalest of an ossuary {vorpal, rPois rC+ Stlth+, crossbow}
Press: ? - help, Q - select action, (/) - cycle Shift-Dir - straight line, f - centaur warrior zombie, p - death drake
Aim: a centaur warrior zombie (umbra, 90% to hit)
You shoot a bolt.
The bolt hits the centaur warrior zombie!
You feel very sick.
The spectral centaur warrior completely misses you. x2
The centaur warrior zombie closely misses you.
The centaur warrior zombie kicks you.
* * * LOW HITPOINT WARNING * * *
The death drake breathes miasma at you.
The foul vapour engulfs the centaur warrior zombie.
The centaur warrior zombie completely resists.
The spectral centaur warrior completely misses you.
The spectral centaur warrior kicks you.
* * * LOW HITPOINT WARNING * * *
HP[-8]
You take 8 damage, and now have 22/48 hp.
Fire: f) +10 arbalest of an ossuary {vorpal, rPois rC+ Stlth+, crossbow}
Press: ? - help, Q - select action, (/) - cycle Shift-Dir - straight line, f/p - centaur warrior zombie
Aim: a centaur warrior zombie (foul pestilence, moderately damaged, umbra, 90% to hit)
You shoot a bolt.
The bolt hits the centaur warrior zombie!
You are engulfed in dark miasma.
You feel yourself slow down.
* * * LOW HITPOINT WARNING * * *
You feel sick. The centaur warrior zombie misses you.
The centaur warrior zombie kicks you but does no damage.
The spectral centaur warrior hits you.
* * * LOW HITPOINT WARNING * * *
The spectral centaur warrior misses you.
HP[-11]
You take 11 damage, and now have 11/48 hp.
MASSIVE DAMAGE!! (PAUSE)
You feel better.
You are engulfed in dark miasma.
You are poisoned.
* * * LOW HITPOINT WARNING * * *
You feel very sick.
The centaur warrior zombie hits you but does no damage.
The centaur warrior zombie barely misses you.
The spectral centaur warrior misses you.
The spectral centaur warrior barely misses you.
The centaur warrior zombie closely misses you.
The centaur warrior zombie completely misses you.
The spectral centaur warrior hits you!
* * * LOW HITPOINT WARNING * * *
You feel drained.
* * * LOW HITPOINT WARNING * * *
The spectral centaur warrior misses you.
HP[-10]
You now have 47 max hp (-1).
You take 10 damage, and now have 1/47 hp.
MASSIVE DAMAGE!! (PAUSE)
You feel better.
The spectral centaur warrior misses you.
The spectral centaur warrior completely misses you.
The centaur warrior zombie hits you.
* * * LOW HITPOINT WARNING * * *
The centaur warrior zombie kicks you.
* * * LOW HITPOINT WARNING * * *
The spectral centaur warrior barely misses you. x2
The spectral centaur warrior misses you.
The spectral centaur warrior barely misses you.
HP[+9]
You regained 9 hp, and now have 10/47 hp.
Fire: f) +10 arbalest of an ossuary {vorpal, rPois rC+ Stlth+, crossbow}
Press: ? - help, Q - select action, (/) - cycle Shift-Dir - straight line, f/p - centaur warrior zombie
Aim: a centaur warrior zombie (moderately damaged, umbra, 90% to hit)
You shoot a bolt.
The bolt closely misses the death drake.
The bolt hits the centaur warrior zombie!!
The death drake closely misses you.
The spectral centaur warrior closely misses you.
The spectral centaur warrior kicks you.
* * * LOW HITPOINT WARNING * * *
You feel drained. The death drake breathes miasma at you.
The foul vapour engulfs you!
You feel as though you will be slow longer.
You die...

Skill      XL: |  1  2  3  4  5  6  7  8  9 10 11 |
---------------+----------------------------------+-----
Ranged Weapons | 5 6 7 8 10 12 14 16 18 | 18.0
Stealth        | 4 5 |  5.0
Dodging        | 5 |  5.6
Fighting       | |  1.5

Action                   |  1- 3 |  4- 6 |  7- 9 | 10-12 || total
-------------------------+-------+-------+-------+-------++-------
 Fire: Shortbow          |   109 |   241 |   169 |       ||   519
       Arbalest          |       |       |   120 |   264 ||   384
Evoke: Wand              |       |       |     1 |       ||     1
  Use: Scroll            |       |       |     7 |    13 ||    20
       Potion            |       |       |     3 |     4 ||     7
Armor: Robe              |     2 |     3 |     5 |     9 ||    19
Dodge: Dodged            |    24 |    37 |    67 |   106 ||   234

Levels and vault maps discovered:
D:1:      dpeg_arrival_tiny_a, layout_basic, serial_shops, nicolae_shop_trees,
          nicolae_shop_bloodbath_and_beyond
D:2:      layout_basic, serial_shops, shop
D:3:      layout_loops_ring, gammafunk_ghost_gnarly_gnolls, kennysheep_boxes
D:4:      layout_gridville, jmf_multi_god_temple, serial_shops, shop,
          minivault_26, nicolae_wormholes
D:5:      layout_basic, lemuel_doored_altar
D:6:      layout_basic, trog_butcher_becter, minmay_temple_entry_stoned_glass
D:7:      minmay_polygon_palace, layout_loops_ring, nicolae_uskayaw_suspiria,
          mainiacjoe_overflow_brackets, xom_confusion_cloud,
          mainiacjoe_overflow_24_doors, grunt_gozag_breadcrumbs, zin_purify
D:8:      layout_gridville, lemuel_crystal_altar,
          grunt_lair_entry_orc_guard_hut, enter_bailey_3, nicolae_wwwww,
          chequers_mini_garden
D:9:      layout_roguey, okawaru_trees_2, marbit_many_paths, uniq_grum
D:10:     layout_gridville
D:11:     layout_irregular_city, david_orc_2, gauntlet_entry_generic,
          serial_shops, shop, chequers_arboretum, kennysheep_cluttered_room
Temple:   jpeg_temple_island
Gauntlet: gammafunk_gauntlet_77_escape_option [minmay_gauntlet_arena_77_braids,
          minmay_gauntlet_arena_77_squiggly, minmay_gauntlet_arena_77_fan,
          minmay_gauntlet_arena_77_shame_cube, minmay_gauntlet_arena_77_mess,
          dreamdust_gauntlet_exit_labyrinth]

Notes
Turn   | Place    | Note
-------+----------+-------------------------------------------
     0 | D:1      | zeratav the Spriggan Hunter began the quest for the Orb.
     0 | D:1      | Reached XP level 1. HP: 10/10 MP: 2/2
     0 | D:1      | magus.rc [v1.9.6]
   118 | D:1      | Reached XP level 2. HP: 14/14 MP: 3/3
   123 | D:1      | Found Iduoj's Antique Weapon Shoppe.
   174 | D:1      | Found Deususur's Weapon Shoppe.
   298 | D:1      | You add the spells Gell's Gravitas, Teleport Other and
                  | Dispersal to your library.
   699 | D:2      | Reached skill level 5 in Ranged Weapons
   705 | D:2      | Reached XP level 3. HP: 17/18 MP: 4/4
   955 | D:2      | HP: 4/18 [worm (8)]
  1205 | D:2      | Found Xicu's Antique Armour Shop.
  1388 | D:2      | You pick up a book of Burglary and begin reading...
  1388 | D:2      | You add the spells Passwall, Ensorcelled Hibernation and
                  | Swiftness to your library.
  1686 | D:3      | Reached XP level 4. HP: 22/22 MP: 5/5
  1773 | D:3      | Found a transporter.
  1822 | D:3      | Identified the +8 spear of Beogh's Regard {venom, rC+}
  1880 | D:3      | Found a transporter.
  2280 | D:4      | Reached skill level 6 in Ranged Weapons
  2635 | D:4      | Reached XP level 5. HP: 23/25 MP: 6/6
  2762 | D:4      | Found a sparkling altar of Nemelex Xobeh.
  2769 | D:4      | Found a broken altar of Ashenzari.
  2863 | D:4      | Reached skill level 7 in Ranged Weapons
  2866 | D:4      | HP: 2/25 [gnoll/+0 halberd (17)]
  3164 | D:4      | Found Rigomemu's Distillery.
  3265 | D:4      | Reached XP level 6. HP: 25/30 MP: 7/7
  3596 | D:4      | HP: 7/30 [poisoned by a kobold]
  3626 | D:4      | HP: 7/30 [hound (1)]
  3640 | D:4      | Reached skill level 8 in Ranged Weapons
  4017 | D:5      | Entered Level 5 of the Dungeon
  4256 | D:5      | Reached XP level 7. HP: 28/33 MP: 8/8
  4333 | D:5      | Found a glowing golden altar of the Shining One.
  4652 | D:5      | You fall into a shaft and drop 2 floors!
  4679 | D:7      | Found an ancient bone altar of Kikubaaqudgha.
  4752 | D:7      | Reached skill level 9 in Ranged Weapons
  4826 | D:7      | HP: 7/33 [centaur/arrow (9)]
  4873 | D:7      | Found a glowing silver altar of Zin.
  4875 | D:7      | Found Zin's Purification Station.
  5109 | D:6      | Found a staircase to the Ecumenical Temple.
  5124 | Temple   | Entered the Ecumenical Temple
  5407 | Temple   | Became a worshipper of Dithmenos the Shadowed
  5444 | D:6      | HP: 7/33 [poisoned by a water moccasin]
  5446 | D:6      | HP: 3/33 [poisoned by a water moccasin]
  5825 | D:6      | Found a bloodstained altar of Trog.
  5951 | D:6      | Reached skill level 10 in Ranged Weapons
  5951 | D:6      | Reached skill level 2 in Stealth
  5997 | D:6      | Reached skill level 4 in Stealth
  5997 | D:6      | Reached XP level 8. HP: 37/37 MP: 9/9
  6017 | D:6      | Reached skill level 5 in Stealth
  6118 | D:6      | You pick up a book of Changes and begin reading...
  6118 | D:6      | You add the spells Beastly Appendage, Wereblood and Spider
                  | Form to your library.
  6191 | D:5      | You pick up a book of Minor Magic and begin reading...
  6191 | D:5      | You add the spells Magic Dart, Call Imp and Mephitic Cloud
                  | to your library.
  6305 | D:5      | Identified a +2 robe of the Archmagi
  6312 | D:5      | HP: 7/37 [orc wizard/magic dart (4)]
  7056 | D:1      | Bought a transparent arbalest for 199 gold pieces
  7056 | D:1      | Identified the +10 arbalest of an ossuary {vorpal, rPois
                  | rC+ Stlth+} (You bought it in a shop on level 1 of the
                  | Dungeon)
  7508 | D:7      | Found a shimmering altar of Xom.
  7536 | D:6      | Reached skill level 11 in Ranged Weapons
  7611 | D:7      | Reached * piety under Dithmenos
  7618 | D:7      | Found a burning altar of Makhleb.
  7863 | D:6      | Reached skill level 12 in Ranged Weapons
  7863 | D:6      | Reached XP level 9. HP: 41/41 MP: 10/10
  8179 | D:7      | Found a hide-covered altar of Uskayaw.
  8332 | D:7      | Found an opulent altar of Gozag.
  8336 | D:7      | Reached ** piety under Dithmenos
  8363 | D:7      | Reached skill level 13 in Ranged Weapons
  8771 | D:7      | Reached skill level 14 in Ranged Weapons
  9051 | D:2      | Bought a ripped robe for 108 gold pieces
  9051 | D:2      | Identified the +1 robe of Hopscotch {rElec Will+ Regen+
                  | Int-2} (You bought it in a shop on level 2 of the Dungeon)
  9203 | D:3      | Noticed chrisa4242's ghost (amateur DrHu)
  9214 | D:3      | Killed chrisa4242's ghost
  9215 | D:3      | Reached XP level 10. HP: 46/46 MP: 11/11
  9429 | D:8      | Found a flagged portal.
  9441 | Bailey   | Entered a bailey
  9471 | Bailey   | Reached *** piety under Dithmenos
  9646 | Bailey   | Reached skill level 15 in Ranged Weapons
  9657 | Bailey   | Found a burning altar of Makhleb.
  9723 | D:8      | Found a shimmering blue altar of Sif Muna.
  9837 | D:8      | Identified the +3 mace of Youthful Indiscretion {speed,
                  | Int-4 Dex+5}
 10046 | D:8      | Found a staircase to the Lair.
 10686 | D:9      | Found a radiant altar of Vehumet.
 10709 | D:9      | You pick up a book of the Moon and begin reading...
 10709 | D:9      | You add the spells Passage of Golubria, Silence and
                  | Lehudib's Crystal Spear to your library.
 10729 | D:9      | Reached **** piety under Dithmenos
 10793 | D:9      | Noticed Grum
 10798 | D:9      | Killed Grum
 10804 | D:9      | Reached skill level 16 in Ranged Weapons
 10863 | D:9      | Found an iron altar of Okawaru.
 11150 | D:10     | Entered Level 10 of the Dungeon
 11319 | D:10     | Reached XP level 11. HP: 49/49 MP: 12/12
 11347 | D:10     | You pick up a book of Winter and begin reading...
 11347 | D:10     | You add the spells Ozocubu's Armour, Metabolic Englaciation
                  | and Simulacrum to your library.
 11659 | D:10     | Reached skill level 17 in Ranged Weapons
 11771 | D:10     | You pick up a book of Geomancy and begin reading...
 11771 | D:10     | You add the spells Sandblast and Stone Arrow to your
                  | library.
 11822 | D:10     | Reached ***** piety under Dithmenos
 11983 | D:10     | Identified a scroll of acquirement
 11985 | D:10     | Acquired 642 gold pieces
 12112 | D:11     | Found a staircase to the Orcish Mines.
 12187 | D:11     | Found Zooq's Assorted Antiques.
 12209 | D:11     | Noticed a seven-headed hydra
 12224 | D:11     | Killed a seven-headed hydra
 12336 | D:11     | Found a gate leading to a gauntlet.
 12413 | Gauntlet | Entered a Gauntlet
 12413 | Gauntlet | Found a transporter.
 12421 | Gauntlet | Found a transporter.
 12425 | Gauntlet | Found a transporter.
 12436 | Gauntlet | Found a transporter.
 12437 | Gauntlet | Found a transporter.
 12442 | Gauntlet | Noticed a death drake
 12445 | Gauntlet | Found a transporter.
 12450 | Gauntlet | Found a transporter.
 12454 | Gauntlet | Found a runed translucent door.
 12455 | Gauntlet | Found a runed translucent door.
 12458 | Gauntlet | Found a transporter.
 12459 | Gauntlet | Noticed a death drake
 12462 | Gauntlet | Found a transporter.
 12470 | Gauntlet | Found a transporter.
 12509 | Gauntlet | Found a transporter.
 12521 | Gauntlet | Found a transporter.
 12533 | Gauntlet | Found a transporter.
 12545 | Gauntlet | Found a transporter.
 12707 | Gauntlet | Reached skill level 18 in Ranged Weapons
 12710 | Gauntlet | Reached skill level 3 in Dodging
 12789 | Gauntlet | Reached skill level 4 in Dodging
 12867 | Gauntlet | Reached skill level 5 in Dodging
 12869 | Gauntlet | HP: 10/48 [centaur warrior zombie (3)]
 12874 | Gauntlet | HP: 5/48 [spectral centaur warrior (10)]
 12874 | Gauntlet | HP: 1/47 [spectral centaur warrior (4)]
 12876 | Gauntlet | Killed from afar by a death drake

Vanquished Creatures
  A hydra (D:11)
  A cyclops (D:11)
  A spectral centaur (Gauntlet)
  A gargoyle (D:11)
  A troll (D:10)
  5 centaur simulacra (Gauntlet)
  A vampire (D:11)
  2 shadows
  A wraith (D:11)
  2 wyverns
  11 yaks
  2 steam dragons
  Grum (D:9)
  3 water moccasins
  2 acid dragons
  3 ice beasts
  9 orc warriors
  2 sky beasts (D:7)
  3 black bears
  3 ogres
  The ghost of chrisa4242 the Shooter, an amateur DrHu (D:3)
  3 wolves (D:9)
  4 centaurs
  2 phantoms
  9 kobold brigands
  5 bullfrogs
  3 scorpions
  6 gnoll sergeants
  A cane toad simulacrum (Gauntlet)
  A hornet simulacrum (Gauntlet)
  5 wights (D:6)
  6 killer bees
  2 howler monkeys
  2 hounds
  9 orc priests
  A jelly (D:7)
  3 gnoll boudas
  4 iguanas
  10 orc wizards
  40 gnolls
  6 adders
  A white imp (D:7)
  An ufetubus (D:7)
  9 worms
  A dart slug (D:4)
  59 orcs
  5 bats
  9 endoplasms
  A giant cockroach (D:4)
  13 hobgoblins
  4 jackals (D:4)
  24 kobolds
  A quokka (D:1)
  8 ball pythons
  3 frilled lizards
  14 goblins
  A rat (D:1)
332 creatures vanquished.

Vanquished Creatures (others)
  A kobold brigand (D:7)
  10 fungi (D:8)
  11 plants
22 creatures vanquished.

Grand Total: 354 creatures vanquished

Table legend:
 A = Non-vault XP
 B = Vault XP
 C = Vault XP percentage of total XP
 D = Non-vault monster count
 E = Vault monster count
 F = Vault count percentage of total count
                 A         B        C        D         E       F
            +---------+---------+-------+---------+---------+-------
      Total |   11203 |    6292 |  36.0 |     246 |      86 |  25.9
            +---------+---------+-------+---------+---------+-------
        D:1 |      26 |       0 |   0.0 |      18 |       0 |   0.0
        D:2 |      67 |       0 |   0.0 |      22 |       0 |   0.0
        D:3 |      57 |     256 |  81.8 |      15 |       9 |  37.5
        D:4 |     420 |      29 |   6.5 |      48 |       7 |  12.7
        D:5 |     589 |       0 |   0.0 |      20 |       0 |   0.0
        D:6 |    1247 |     278 |  18.2 |      20 |       2 |   9.1
        D:7 |    1033 |    1598 |  60.7 |      23 |      22 |  48.9
        D:8 |     797 |     541 |  40.4 |      17 |       8 |  32.0
        D:9 |    1293 |     575 |  30.8 |      24 |       5 |  17.2
       D:10 |    2404 |       0 |   0.0 |      29 |       0 |   0.0
       D:11 |    3270 |     146 |   4.3 |      10 |       8 |  44.4
     Bailey |       0 |    1121 | 100.0 |       0 |      17 | 100.0
   Gauntlet |       0 |    1748 | 100.0 |       0 |       8 | 100.0
            +---------+---------+-------+---------+---------+-------

Illustrated notes

Table legend:
 A = Kills in this place as a percentage of kills in entire the game.
 B = Kills by you in this place as a percentage of kills by you in the entire game.
 C = Kills by friends in this place as a percentage of kills by friends in the entire game.
 D = Other kills in this place as a percentage of other kills in the entire game.
 E = Experience gained in this place as a percentage of experience gained in the entire game.
 F = Experience gained in this place divided by the number of levels of this place that you have seen.
                   A       B       C       D       E      F
               +-------+-------+-------+-------+-------+----------------------
         Total | 100.0 | 100.0 |   N/A |   N/A | 100.0 | 1249.6
       Dungeon |  92.5 |  92.5 |   N/A |   N/A |  83.6 | 1329.6
        Bailey |   5.1 |   5.1 |   N/A |   N/A |   6.4 | 1121.0
      Gauntlet |   2.4 |   2.4 |   N/A |   N/A |  10.0 | 1748.0
               +-------+-------+-------+-------+-------+----------------------

Table legend: (Time is in decaauts)
 A = Elapsed time spent in this place.
 B = Non-inter-level travel time spent in this place.
 C = Inter-level travel time spent in this place.
 D = Time resting spent in this place.
 E = Time spent auto-exploring this place.
 F = Levels seen in this place.
 G = Mean time per level.
                   A        B        C        D        E       F      G
               +--------+--------+--------+--------+--------+-----+--------+
         Total |   9661 |   9041 |    620 |   2526 |   4108 |  14 |  690.1 |
       Dungeon |   8886 |   8301 |    585 |   2483 |   3787 |  11 |  807.8 |
        Temple |    233 |    198 |     35 |      0 |    188 |   1 |  233.0 |
        Bailey |    207 |    207 |      0 |     35 |     39 |   1 |  207.0 |
      Gauntlet |    333 |    333 |      0 |      8 |     93 |   1 |  333.0 |
               +--------+--------+--------+--------+--------+-----+--------+

Top non-repeatable levels by time:
     D:4: 1667 daAuts
     D:7: 1090 daAuts
     D:5: 1072 daAuts
     D:6: 1028 daAuts
     D:3: 912 daAuts
     D:2: 840 daAuts
     D:8: 616 daAuts
    D:10: 595 daAuts
     D:1: 415 daAuts
     D:9: 399 daAuts
Gauntlet: 333 daAuts
    D:11: 247 daAuts
  Temple: 233 daAuts
  Bailey: 207 daAuts
